 Dungeon Crawl Stone Soup version bcrawl-1.19.1 (webtiles) character file.

Game seed: 14643639133638233430

35 Revguard the Digger (level 3, -1/26 HPs)
             Began as a Draconian Earth Elementalist on Nov 27, 2019.
             Killed by divine providence
             ... invoked by an orc priest
              (10 damage)
             ... on level 2 of the Dungeon.
             The game lasted 00:04:50 (1415 turns).

Revguard the Digger (Draconian Earth Elementalist)  Turns: 1415, Time: 00:04:50

Health: -1/26      AC:  5    Str: 10    XL:     3   Next: 17%
Magic:  3/7        EV: 12    Int: 15    God:
Gold:   140        SH:  0    Dex: 12    Spells: 1/7 levels left

rFire    + . .     SeeInvis .   d - +0 club
rCold    . . .     Gourm    .   (no shield)
rNeg     . . .     Faith    .   (armour unavailable)
rPois    .         Spirit   .   (helmet restricted)
rElec    .         Reflect  .   (no cloak)
rCorr    .         Harm     .   (no gloves)
MR       .....                  (no boots)
Stlth    ++........             k - amulet of magic regeneration
HPRegen  0.08/turn              j - ring of protection from fire
MPRegen  0.35/turn              (no ring)

@: very slightly contaminated
A: unfitting armour, cold-blooded, AC +5
a: no special abilities


You were on level 2 of the Dungeon.
You were hungry.

You visited 1 branch of the dungeon, and saw 2 of its levels.

You collected 140 gold pieces.

Inventory:

Hand Weapons
 d - a +0 club (weapon)
Missiles
 b - 31 stones (quivered)
Jewellery
 j - a ring of protection from fire (left hand)
 k - an amulet of magic regeneration (around neck)
Scrolls
 a - a scroll of noise {unknown}
 e - a scroll of identify {unknown}
 g - a scroll of teleportation {unknown}
 h - a scroll of amnesia {unknown}
Potions
 i - a potion of invisibility {unknown}
 l - a potion of degeneration {unknown}
 m - a potion of curing {unknown}
Comestibles
 c - 3 rations {!d}


   Skills:
 + Level 0.3 Fighting
 + Level 1.8 Dodging
 + Level 2.0 Stealth
 + Level 2.6 Spellcasting
 * Level 1.1 Transmutations
 + Level 3.6 Earth Magic


You had one spell level left.
You knew the following spells:

 Your Spells              Type           Power        Failure   Level  Hunger
a - Sandblast             Erth           ##....       4%          1    #......
b - Passwall              Tmut/Erth      #.......     12%         2    ##.....
c - Stone Arrow           Conj/Erth      #.....       28%         3    ###....

Your spell library contained the following spells:

 Spells                   Type           Power        Failure   Level  Hunger
 Petrify                  Tmut/Erth      #.......     61%         4    #####..
 Lee's Rapid Deconstruct  Erth           ##........   77%         5    ######.


Dungeon Overview and Level Annotations

Branches:
Dungeon (2/12)

Altars:


Innate Abilities, Weirdness & Mutations

Your plain brown scales are hard. (AC +5)
You cannot fit into any form of body armour.
You are cold-blooded and may be slowed by cold attacks.


Message History

The orc is almost dead.
The orc priest invokes the aid of Beogh against you.
Beogh smites you!
Casting: Stone Arrow (safe; 30% risk of failure)
Confirm with . or Enter, or press ? or * to list all spells.
You don't have enough magic to cast that spell.
Unknown command.
You barely miss the orc.
The orc is almost dead.
The orc hits you but does no damage.
You hit the orc.
You kill the orc!
The orc priest mumbles some strange prayers to Beogh against you.
Beogh smites you!
You completely miss the orc.
A giant cockroach comes into view.
The orc closely misses you.
The orc priest calls down the wrath of Beogh upon you.
Beogh smites you!
You die...

#.# #.# #.# #.#
#.# #.#
#.#########
##..@o...o..
###..s#######.
########.........#
.........#...###..
.##########..#
#..# #..######
##........
##...######


You could see an orc priest, an orc and a giant cockroach (wandering).

Vanquished Creatures
  2 dart slugs (D:1)
  A leopard gecko (D:2)
  An orc (D:2)
  2 bats (D:1)
  3 giant cockroaches (D:1)
  6 goblins (D:1)
  5 hobgoblins (D:1)
  4 kobolds
  2 rats (D:1)
26 creatures vanquished.

Notes
Turn   | Place    | Note
-------+----------+-------------------------------------------
     0 | D:1      | Revguard the Draconian Earth Elementalist began the quest
                  | for the Orb.
     0 | D:1      | Reached XP level 1. HP: 14/14 MP: 3/3
   464 | D:1      | Reached XP level 2. HP: 20/20 MP: 3/5
   484 | D:1      | Learned a level 2 spell: Passwall
   937 | D:1      | Reached XP level 3. HP: 25/26 MP: 4/6
   942 | D:1      | Learned a level 3 spell: Stone Arrow
  1415 | D:2      | Killed from afar by an orc priest

Action                   || total
-------------------------++-------
Melee: Unarmed           ||     6
       Club              ||    25
       Tailslap          ||     4
 Cast: Sandblast         ||    27
       Stone Arrow       ||     6
  Use: Scroll            ||     1
  Eat: Chunk             ||     2
Armor: Skin              ||     7
Dodge: Dodged            ||    19
